 Dungeon Crawl Stone Soup version 0.25-a0-194-gece12570e2 (webtiles) character file.

Game seed: 257040347446931705, levelgen mode: deterministic

239 DavidChitty2 the Conjurer (level 5, 0/28 HPs)
             Began as a Deep Elf Conjurer on Nov 30, 2019.
             Slain by Crazy Yiuf
             ... wielding a +2 quarterstaff of chaos
              (17 damage)
             ... on level 3 of the Dungeon.
             The game lasted 00:05:12 (3437 turns).

DavidChitty2 the Conjurer (Deep Elf Conjurer)       Turns: 3437, Time: 00:05:13

Health: 0/28       AC:  3    Str:  5    XL:     5   Next: 79%
Magic:  6/14       EV: 14    Int: 21    God:
Gold:   51         SH:  0    Dex: 15    Spells: 6/13 levels left

rFire    . . .     SeeInvis .   a - +0 hunting sling
rCold    . . .     Gourm    .   (no shield)
rNeg     . . .     Faith    .   h - +0 robe
rPois    .         Spirit   .   (no helmet)
rElec    .         Reflect  .   (no cloak)
rCorr    .         Harm     .   (no gloves)
MR       .....                  u - +0 pair of boots
Stlth    ++........             (no amulet)
HPRegen  0.09/turn              (no ring)
MPRegen  0.14/turn              (no ring)

@: no status effects
A: no striking features
a: no special abilities


You were on level 3 of the Dungeon.
You were hungry.

You visited 1 branch of the dungeon, and saw 3 of its levels.

You collected 51 gold pieces.

Inventory:

Hand Weapons
 a - a +0 hunting sling (weapon)
   (You took it off a goblin on level 2 of the Dungeon)
 b - a +1 dagger of venom
   (You took it off a goblin on level 2 of the Dungeon)
Missiles
 g - 123 stones (quivered)
 m - 18 sling bullets
Armour
 h - a +0 robe (worn)
 q - a cursed -2 leather armour
   (You found it on level 2 of the Dungeon)
 u - a +0 pair of boots (worn)
   (You found it on level 3 of the Dungeon)
Jewellery
 l - an uncursed amulet of guardian spirit {unknown}
   (You found it on level 2 of the Dungeon)
 n - an uncursed ring of protection from fire {unknown}
   (You found it on level 2 of the Dungeon)
Scrolls
 c - 4 scrolls of identify {unknown}
 i - 2 scrolls of teleportation {unknown}
 k - 3 scrolls of remove curse {unknown}
 o - a scroll of enchant weapon {unknown}
 s - a scroll of blinking {unknown}
 v - a scroll of immolation {unknown}
Potions
 d - a potion of degeneration {unknown}
 f - 3 potions of curing {unknown}
 j - a potion of haste {unknown}
 p - a potion of magic {unknown}
 r - a potion of flight {unknown}
 t - 2 potions of might {unknown}
Comestibles
 e - 6 rations {!d}


   Skills:
 + Level 4.1 Dodging
 - Level 2.4 Stealth
 + Level 4.8 Spellcasting
 * Level 6.3 Conjurations


You had 6 spell levels left.
You knew the following spells:

 Your Spells              Type           Power        Failure   Level  Hunger
a - Magic Dart            Conj           ####         1%          1    None
s - Searing Ray           Conj           ####..       1%          2    None
x - Iskenderun's Mystic   Conj           ####....     9%          4    ####...

Your spell library contained the following spells:

 Spells                   Type           Power        Failure   Level  Hunger
 Dazzling Spray           Conj/Hex       ###...       9%          3    ##.....
 Force Lance              Conj/Tloc      ###.....     30%         4    ####...
 Fulminant Prism          Conj/Hex       ###.......   30%         4    ####...


Dungeon Overview and Level Annotations

Branches:
Dungeon (3/15)

Altars:

Annotations:
D:3 Crazy Yiuf


Message History

You kill the orc!
You can't see any susceptible monsters within range! (Use Z to cast anyway.)
You can't see any susceptible monsters within range! (Use Z to cast anyway.)
You start resting.
Your magical contamination has completely faded away.
Things that are here:
a +0 short sword; a +0 scale mail You open the door.
There is an open door here.
A giant cockroach comes into view.
A giant cockroach is nearby!
A giant cockroach is nearby!
Aim: a giant cockroach (resting)
The magic dart hits the giant cockroach but does no damage.
The giant cockroach bites you but does no damage.
Aim: a giant cockroach The magic dart hits the giant cockroach.
You kill the giant cockroach!
You can't see any susceptible monsters within range! (Use Z to cast anyway.)
You start resting.
You butcher the giant cockroach corpse.
w - 6 chunks of flesh (gained 2) Some of the chunks of flesh in your inventory have rotted away.
You open the door.
There is an open door here.
Found a mace.
Some of the chunks of flesh in your inventory have rotted away.
There is an open door here.
You open the door.
There is an open door here.
You open the door.
There is an open door here.
All of the chunks of flesh in your inventory have rotted away.
You see here a +0 club.
You are feeling hungry.
There is an open door here.
Here: Crazy Yiuf, wielding a +2 quarterstaff of chaos and wearing a +0 cloak of magic resistance (fire blocked by a runed translucent door)
The floor.
As you open the door, it creaks loudly!
Crazy Yiuf yells, "Ghoul return to song horse!"
Aim: Crazy Yiuf, wielding a +2 quarterstaff of chaos and wearing a +0 cloak of magic resistance The orb of energy hits Crazy Yiuf!
The orb of energy explodes!
Crazy Yiuf misses you.
Aim: Crazy Yiuf, wielding a +2 quarterstaff of chaos and wearing a +0 cloak of magic resistance (heavily wounded)
The orb of energy misses Crazy Yiuf.
Crazy Yiuf yells, "Mama sallow King!"
Crazy Yiuf hits you with a +2 quarterstaff of chaos!
You are electrocuted!
Ouch! That really hurt!
You die...

..# #.#######.# #.#
..# #.# #.# #.# ..#
#.# #.# #.# #.# ###
### #.# #.####### #.#
#<......# #.#
#.......#### ### #.#
#######..#.## ###..)#
#######.#
............####@g...#
#....##.#
#######......#..##...#
####.##.# ...#
##.#..#.### ###
#.##.## ##.# ########
#.....# #.# #######
#.# ##.# ...# ####


You could see Crazy Yiuf.

Vanquished Creatures
  A bullfrog (D:3)
  An orc wizard (D:3)
  6 adders
  An ooze (D:3)
  3 worms
  4 dart slugs
  3 leopard geckos
  5 orcs (D:3)
  A ball python (D:2)
  4 giant cockroaches
  6 goblins
  3 hobgoblins
  7 jackals
  A quokka (D:3)
  7 bats
  4 frilled lizards
  7 kobolds
  11 rats
75 creatures vanquished.

Notes
Turn   | Place    | Note
-------+----------+-------------------------------------------
     0 | D:1      | DavidChitty2 the Deep Elf Conjurer began the quest for the
                  | Orb.
     0 | D:1      | Reached XP level 1. HP: 10/10 MP: 6/6
   123 | D:1      | Reached XP level 2. HP: 15/15 MP: 4/8
   161 | D:1      | Learned a level 2 spell: Searing Ray
   631 | D:1      | Reached skill level 5 in Conjurations
   699 | D:1      | Reached XP level 3. HP: 19/19 MP: 6/10
  1467 | D:2      | Reached XP level 4. HP: 24/24 MP: 7/12
  2169 | D:3      | Noticed a bullfrog
  2282 | D:3      | Learned a level 4 spell: Iskenderun's Mystic Blast
  2362 | D:3      | Killed a bullfrog
  2362 | D:3      | Reached XP level 5. HP: 28/28 MP: 4/13
  2450 | D:3      | Reached skill level 6 in Conjurations
  3274 | D:3      | Found a runed translucent door.
  3275 | D:3      | Noticed Crazy Yiuf
  3437 | D:3      | Slain by Crazy Yiuf

Levels and vault maps discovered:
D:1:      minmay_arrival_doors, layout_basic, chequers_jeans
D:2:      minmay_recursive_quarters, layout_basic
D:3:      layout_basic, uniq_crazy_yiuf_cottage

Skill      XL: |  1  2  3  4  5 |
---------------+----------------+-----
Conjurations   | 5 6 |  6.3
Dodging        | 3 4 |  4.1
Spellcasting   | 4 |  4.8
Stealth        | |  2.4

Action                   |  1- 3 |  4- 6 || total
-------------------------+-------+-------++-------
 Cast: Magic Dart        |    76 |    65 ||   141
       Searing Ray       |       |     4 ||     4
       Iskenderun's Myst |       |     3 ||     3
  Eat: Chunk             |     1 |     6 ||     7
Armor: Robe              |       |     1 ||     1
Dodge: Dodged            |    19 |     3 ||    22

Table legend:
 A = Non-vault XP
 B = Vault XP
 C = Vault XP percentage of total XP
 D = Non-vault monster count
 E = Vault monster count
 F = Vault count percentage of total count
                 A         B        C        D         E       F
            +---------+---------+-------+---------+---------+-------
      Total |     300 |      42 |  12.3 |      67 |       8 |  10.7
            +---------+---------+-------+---------+---------+-------
        D:1 |      43 |       0 |   0.0 |      25 |       0 |   0.0
        D:2 |      42 |      42 |  50.0 |      18 |       8 |  30.8
        D:3 |     215 |       0 |   0.0 |      24 |       0 |   0.0
            +---------+---------+-------+---------+---------+-------
